 Dungeon Crawl Stone Soup version 0.19.1-1-g22dce08 (webtiles) character file.

431 Alarkh the Chopper (level 6, -1/47 HPs)
             Began as a Demonspawn Monk on Jan 14, 2017.
             Slain by an orc
             ... wielding a +0 falchion of flaming
              (2 damage)
             ... on level 4 of the Dungeon.
             The game lasted 00:07:31 (5430 turns).

Alarkh the Chopper (Demonspawn Monk)                Turns: 5430, Time: 00:07:32

Health: -1/47      AC:  6    Str:  5    XL:     6   Next: 67%
Magic:  6/6        EV: 13    Int: 18    God:
Gold:   183        SH:  2    Dex: 16    Spells: 0 memorised, 5 levels left

rFire  . . .     SeeInvis .     a - +4 mace
rCold  . . .     Gourm    .     p - +0 robe
rNeg   + . .     Faith    .     (no shield)
rPois  .         Spirit   .     (helmet restricted)
rElec  +         Reflect  +     m - +0 cloak of Hairiness {rElec rN+ Str-3 Int+3}
rCorr  .         Harm     .     (no gloves)
MR     .....     Clarity  +     (no boots)
Stlth  ++........               k - +2 amulet of reflection
                                q - +2 ring of intelligence
                                l - -3 ring of strength (curse)

@: no status effects
A: antennae 1, thin metallic scales 2, blurry vision 1, clarity, mutation
resistance 1
a: no special abilities


You were on level 4 of the Dungeon.
You were not hungry.

You visited 1 branch of the dungeon, and saw 4 of its levels.

You collected 183 gold pieces.

Inventory:

Hand Weapons
 a - a +4 mace (weapon)
 b - a +0 hand axe
 t - a +0 whip of freezing
Missiles
 h - a throwing net (quivered)
Armour
 m - the +0 cloak of Hairiness (worn) {rElec rN+ Str-3 Int+3}
   (You found it on level 4 of the Dungeon)

   It affects your strength (-3).
   It affects your intelligence (+3).
   It insulates you from electricity.
   It protects you from negative energy.
 p - a +0 robe (worn)
Jewellery
 k - a +2 amulet of reflection (around neck)
 l - a cursed -3 ring of strength (left hand)
 q - a +2 ring of intelligence (right hand)
 s - an uncursed amulet of faith
Scrolls
 d - a scroll of magic mapping {unknown}
 e - a scroll of identify
 i - a scroll of teleportation {unknown}
 j - a scroll of enchant weapon
 n - a scroll of blinking {unknown}
 r - a scroll of enchant armour {unknown}
Potions
 f - a potion of cure mutation
 g - a potion of resistance
Comestibles
 c - 4 bread rations
 u - 3 meat rations


   Skills:
 - Level 3.0 Fighting
 + Level 6.9 Axes
 - Level 2.6 Dodging
 - Level 1.7 Stealth


You had 5 spell levels left.
You didn't know any spells.

Dungeon Overview and Level Annotations

Branches:
Dungeon (4/15)
 Temple: D:4-7

Altars:
Makhleb

Annotations:
D:2 1 exclusion


Innate Abilities, Weirdness & Mutations

You have a pair of small antennae on your head.
You are mostly covered in thin metallic scales. (AC +3)
Scrolls take you a little longer to read.
You possess an exceptional clarity of mind.
You are somewhat resistant to further mutation.


Message History

You sock the hound!
You kill the hound!
The orc closely misses you. The adder skeleton barely misses you.
You hit the orc.
The orc is almost dead.
You feel sick.
You are no longer poisoned.
The adder skeleton bites you.
* * * LOW HITPOINT WARNING * * *
The orc closely misses you. The adder skeleton closely misses you.
You hit the orc.
You kill the orc!
The adder skeleton misses you. The orc hits you but does no damage.
You hit the orc.
The orc is lightly wounded.
The orc barely misses you. The adder skeleton barely misses you.
The orc hits you with a falchion of flaming.
* * * LOW HITPOINT WARNING * * *
The orc burns you.
You die...

........###......+...........##.#
...............###...........####
...............# #...............
...###........(# ##.........#####
..รท............# #..............
...............# #.........#####
...............# #.........# #.
.........##########...a.....# #.
...............o@##.........# #.
...####........Zo# #. ...#
#.........o# ## ..o# #.......$..#
..o## #.....$....# ..Z.#
############ ..o.# ....#
....#######


You could see 3 orcs and an adder skeleton.

Vanquished Creatures
  A scorpion (D:4)
  3 hounds
  An iguana (D:4)
  4 worker ants (D:4)
  A howler monkey zombie (D:2)
  2 adders
  4 gnolls (D:2)
  An ooze (D:2)
  3 worms
  2 dart slugs (D:2)
  3 leopard geckos
  7 orcs (D:4)
  10 bats
  A giant cockroach (D:2)
  10 goblins
  10 hobgoblins
  3 jackals (D:1)
  9 kobolds
  2 quokkas
  4 frilled lizards
  5 rats
86 creatures vanquished.

Notes
Turn   | Place    | Note
-------+----------+-------------------------------------------
     0 | D:1      | Alarkh the Demonspawn Monk began the quest for the Orb.
     0 | D:1      | Reached XP level 1. HP: 18/18 MP: 1/1
    64 | D:1      | Reached skill level 3 in Axes
   283 | D:1      | Gained mutation: You have a pair of small antennae on your head. [demonic ancestry]
   283 | D:1      | Reached XP level 2. HP: 14/24 MP: 2/2
  1581 | D:1      | Reached XP level 3. HP: 25/29 MP: 3/3
  1964 | D:2      | Reached skill level 4 in Axes
  3013 | D:2      | Gained mutation: You are partially covered in thin metallic scales. (AC +2) [demonic ancestry]
  3013 | D:2      | Reached XP level 4. HP: 29/35 MP: 4/4
  3382 | D:2      | Reached skill level 5 in Axes
  3387 | D:2      | Gained mutation: You are mostly covered in thin metallic scales. (AC +3) [demonic ancestry]
  3387 | D:2      | Reached XP level 5. HP: 41/41 MP: 5/5
  3489 | D:2      | Found a burning altar of Makhleb.
  4455 | D:4      | Reached skill level 6 in Axes
  4823 | D:4      | Reached XP level 6. HP: 11/47 MP: 6/6
  5143 | D:4      | Got a smoking cloak
  5151 | D:4      | Identified the +0 cloak of Hairiness {rElec rN+ Str-3 Int+3} (You found it on level 4 of the Dungeon)
  5409 | D:4      | Gained mutation: You possess an exceptional clarity of mind. [potion of mutation]
  5409 | D:4      | Gained mutation: Scrolls take you a little longer to read. [potion of mutation]
  5409 | D:4      | Gained mutation: You are somewhat resistant to further mutation. [potion of mutation]
  5430 | D:4      | HP: 1/47 [orc/falchion of flaming (5)]
  5430 | D:4      | Slain by an orc

Skill      XL: |  1  2  3  4  5 |
---------------+----------------+-----
Axes           | 3 4 5 6 |  6.9
Fighting       | |  3.0
Dodging        | |  2.6
Stealth        | |  1.7

Action                   |  1- 3 |  4- 6 || total
-------------------------+-------+-------++-------
Melee: Hand axe          |   215 |    63 ||   278
       Mace              |       |   116 ||   116
  Use: Scroll            |     3 |     1 ||     4
       Potion            |     1 |     4 ||     5
 Stab: Sleeping          |     8 |     8 ||    16
       Invisible         |       |     3 ||     3
  Eat: Chunk             |     7 |     8 ||    15
Armor: Robe              |    52 |    50 ||   102
Dodge: Dodged            |   173 |   174 ||   347
Block: Other             |     2 |    12 ||    14
       Reflection        |       |     1 ||     1
